 Dungeon Crawl Stone Soup version 0.21.1-1-g345015f (webtiles) character file.

8161 Wander the Martial Artist (level 11, -14/72 HPs)
             Began as an Octopode Transmuter on May 7, 2018.
             Was a Believer of Ru.
             Killed from afar by an ogre mage (36 damage)
             ... with a bolt of fire
             ... on level 11 of the Dungeon on May 9, 2018.
             The game lasted 00:39:34 (11271 turns).

Wander the Martial Artist (Octopode Transmuter)    Turns: 11271, Time: 00:39:35

Health: -14/72     AC:  1    Str: 10    XL:     11   Next: 26%
Magic:  10/14      EV: 18    Int: 16    God:    Ru [**....]
Gold:   863        SH:  0    Dex: 15    Spells: 4/14 levels left

rFire    . . .     SeeInvis .     - Unarmed
rCold    . . .     Gourm    .   (shield currently unavailable)
rNeg     + . .     Faith    .   (helmet restricted)
rPois    .         Spirit   .   g - amulet of regeneration
rElec    .         Reflect  .   o - ring of positive energy
rCorr    .         Harm     .   B - ring of flight
MR       .....                  (no ring)
Stlth    ++........             (no ring)
HPRegen  0.62/turn              (no ring)
MPRegen  0.14/turn              (no ring)
                                (no ring)
                                (no ring)

@: blade tentacles (expiring)
A: almost no armour, stealthy swim, amphibious, 8 rings, constrict 8, camouflage
1, gelatinous body 1, inability to use devices
a: End Transformation, Renounce Religion


You were on level 11 of the Dungeon.
You worshipped Ru.
Ru was pleased with you.
You were near starving.
You had blades for tentacles.
You visited 2 branches of the dungeon, and saw 12 of its levels.
You also visited: Sewer, Ossuary and Bailey.

You collected 863 gold pieces.

Inventory:

Missiles
 a - 201 arrows
Jewellery
 g - an amulet of regeneration (around mantle)
 o - a ring of positive energy (left scythe-like blade)
 B - a ring of flight (right scythe-like blade)
Wands
 w - a wand of polymorph (9)
 z - a wand of paralysis (33)
 A - a wand of flame (116)
 F - a wand of clouds (5)
 H - a wand of disintegration (13)
Scrolls
 e - 3 scrolls of fear {unknown}
 f - 4 scrolls of fog
 h - 7 scrolls of remove curse
 i - 4 scrolls of noise
 k - 4 scrolls of teleportation
 l - 5 scrolls of blinking {unknown}
 m - a scroll of random uselessness {unknown}
 t - 5 scrolls of enchant armour
 u - 4 scrolls of immolation
 v - 2 scrolls of amnesia {unknown}
 y - a scroll of magic mapping {unknown}
Potions
 d - 2 potions of cancellation
 j - 2 potions of magic
 p - a potion of agility
 r - 5 potions of curing
 s - 3 potions of brilliance
 x - a potion of mutation
 C - a potion of might
 D - 3 potions of degeneration {unknown}
 E - a potion of invisibility {unknown}
 G - a potion of lignification
Books
 b - a book of Changes

   Spells                             Type                      Level
   a - Beastly Appendage              Transmutation                1
   b - Sticks to Snakes               Transmutation                2
   c - Spider Form                    Transmutation/Poison         3
   d - Ice Form                       Ice/Transmutation            4
   e - Blade Hands                    Transmutation                5
 n - a book of Necromancy

   Spells                             Type                      Level
   a - Pain                           Necromancy                   1
   b - Animate Skeleton               Necromancy                   1
   c - Vampiric Draining              Necromancy                   3
   d - Regeneration                   Charms/Necromancy            3
   e - Animate Dead                   Necromancy                   4
   f - Borgnjor's Vile Clutch         Necromancy/Earth             5
 q - a book of Battle

   Spells                             Type                      Level
   a - Infusion                       Charms                       1
   b - Shroud of Golubria             Charms/Translocation         2
   c - Song of Slaying                Charms                       2
   d - Spectral Weapon                Hexes/Charms                 3
   e - Regeneration                   Charms/Necromancy            3
Comestibles
 c - 17 rations


   Skills:
 + Level 6.2 Fighting
 + Level 8.0 Dodging
 + Level 11.8 Unarmed Combat
 - Level 2.0 Spellcasting
 - Level 2.4 Charms
 - Level 2.1 Translocations
 * Level 7.1 Transmutations


You had 4 spell levels left.
You knew the following spells:

 Your Spells              Type           Power        Failure   Level  Hunger
a - Beastly Appendage     Tmut           ###...       16%         1    #......
b - Sticks to Snakes      Tmut           ###.....     19%         2    ###....
c - Shroud of Golubria    Chrm/Tloc      #.........   50%         2    ###....
d - Blade Hands           Tmut           ###.......   73%         5    ######.


Dungeon Overview and Level Annotations

Branches:
Dungeon (11/15)            Temple (1/1) D:7             Orc (0/2) D:10
   Lair: D:8-11

Altars:
Ashenzari
Elyvilon
Fedhas
Gozag
Hepliaklqana
Kikubaaqudgha
Makhleb
Nemelex Xobeh
Okawaru
Ru
Sif Muna
Uskayaw
Vehumet
Wu Jian
Xom
Yredelemnul
Zin
The Shining One

Shops:
D:7 [

Annotations:
D:9 exclusion: obsidian statue


Innate Abilities, Weirdness & Mutations

You cannot wear most types of armour.
You are very stealthy in the water. (Stealth+)
You are amphibious.
You can wear up to eight rings at the same time.
You can use your tentacles to constrict eight enemies at once.
Your skin changes colour to match your surroundings (Stealth+).
Your rubbery body absorbs attacks. (AC +1, EV +1)
You cannot study or use magical devices.


Message History

You see here a wolf spider corpse.
You slash the centaur skeleton!
The centaur skeleton is moderately damaged.
You hit the centaur skeleton.
The centaur skeleton is heavily damaged.
The centaur skeleton hits you. The shadow hits you!
The centaur skeleton hits you.
* * * LOW HITPOINT WARNING * * *
Unknown command.
You slice the centaur skeleton!!
You destroy the centaur skeleton!
The ogre mage gestures wildly while chanting.
The ogre mage blinks!
The shadow closely misses you.
Unknown command.
The ogre mage completely misses you.
The shadow begins to attack, but is stunned by your will!
The ogre mage gestures at you while chanting.
The bolt of fire hits you!
Ouch! That really hurt!
You die...

... .. # .. .##[ ##
.$% .## #$## ..##
##.§###...#
#..@......#
#.O.W†...##
#.....###.### .#
#....##.....##.# #
##..##.....$.#.# .#
#####.......#.#..##
.............#....
..#...............
.. +...............


You could see an ogre mage and a shadow.

Vanquished Creatures
  The ghost of Tiareth the Ogre Mage, a novice OgWr of Okawaru (D:6)
  The ghost of vatarom the Changer, a novice NaTm of Cheibriados (D:7)
  A wolf spider (D:11)
  2 orc knights (Bailey)
  2 trolls
  Grinder (D:3)
  The ghost of emiel the Chiller, an amateur MfIE (D:5)
  A hippogriff (D:7)
  A wyvern (D:10)
  Eustachio (D:6)
  2 hungry ghosts
  3 ice beasts
  Purgy (Sewer)
  3 orc warriors (Bailey)
  A sky beast (D:10)
  3 ogres
  A phantom (D:6)
  6 centaurs
  3 big kobolds
  5 bullfrogs
  A water moccasin zombie (D:8)
  2 scorpions
  6 killer bees (D:7)
  A howler monkey (D:5)
  5 wights (D:10)
  2 centaur zombies (Ossuary)
  A bullfrog zombie (D:6)
  2 crimson imps
  2 human zombies (Ossuary)
  5 orc wizards
  9 hounds
  2 jellies
  A centaur skeleton (D:11)
  5 orc priests
  4 bullfrog skeletons
  Terence (D:2)
  2 iguanas
  10 worker ants
  A killer bee zombie (D:7)
  3 big kobold zombies (Ossuary)
  3 hound zombies
  2 hound skeletons
  3 mummies (Ossuary)
  A howler monkey zombie (D:4)
  8 gnolls
  11 adders
  An ooze (D:5)
  An adder zombie (Ossuary)
  An adder skeleton (D:5)
  A worm (D:3)
  2 dart slugs (D:2)
  7 leopard geckos
  21 orcs
  6 bats
  4 giant cockroaches
  2 gnoll zombies (Ossuary)
  7 goblins
  10 hobgoblins
  8 jackals
  47 kobolds
  2 quokkas (D:4)
  5 ball pythons
  4 frilled lizards
  5 goblin zombies (Ossuary)
  3 hobgoblin zombies (Ossuary)
  3 jackal zombies (Ossuary)
  4 kobold zombies (Ossuary)
  2 orc zombies (Ossuary)
  A quokka skeleton (D:4)
  5 rats
  4 rat zombies (Ossuary)
289 creatures vanquished.

Vanquished Creatures (collateral kills)
  A centaur skeleton (D:4)
  A worker ant (D:2)
  An ooze (D:4)
  An orc (D:5)
  A jackal (D:7)
  4 kobolds (D:6)
  2 frilled lizards
11 creatures vanquished.

Grand Total: 300 creatures vanquished

Notes
Turn   | Place    | Note
-------+----------+-------------------------------------------
     0 | D:1      | Wander the Octopode Transmuter began the quest for the Orb.
     0 | D:1      | Reached XP level 1. HP: 13/13 MP: 3/3
   209 | D:1      | Reached XP level 2. HP: 7/18 MP: 3/5
   480 | D:1      | Learned a level 2 spell: Sticks to Snakes
   820 | D:2      | Reached XP level 3. HP: 21/23 MP: 2/6
  1034 | D:2      | Noticed Terence
  1048 | D:2      | Killed Terence
  1048 | D:2      | Reached skill level 4 in Unarmed Combat
  1048 | D:2      | Reached XP level 4. HP: 22/28 MP: 7/7
  1639 | D:2      | Reached XP level 5. HP: 7/33 MP: 2/8
  2076 | D:3      | Noticed Grinder
  2077 | D:3      | Paralysed by Grinder for 6 turns
  2094 | D:3      | Killed Grinder
  2094 | D:3      | Reached skill level 5 in Unarmed Combat
  2094 | D:3      | Reached XP level 6. HP: 35/39 MP: 4/9
  2656 | D:4      | Learned a level 2 spell: Shroud of Golubria
  2721 | D:4      | Found an opulent altar of Gozag.
  2858 | D:4      | Found a sand-covered staircase.
  2865 | Ossuary  | Entered an ossuary
  2884 | Ossuary  | Reached XP level 7. HP: 45/45 MP: 8/10
  2928 | Ossuary  | Reached skill level 6 in Unarmed Combat
  3095 | Ossuary  | Reached skill level 1 in Charms
  3625 | D:5      | Entered Level 5 of the Dungeon
  3656 | D:5      | Noticed emiel's ghost (amateur MfIE)
  3728 | D:5      | Killed emiel's ghost
  3728 | D:5      | Reached skill level 7 in Unarmed Combat
  3728 | D:5      | Reached skill level 1 in Translocations
  3728 | D:5      | Reached XP level 8. HP: 21/52 MP: 1/11
  4046 | D:5      | Found a glowing silver altar of Zin.
  4139 | D:5      | Found a glowing drain.
  4148 | Sewer    | Entered a sewer
  4199 | Sewer    | Noticed Purgy
  4215 | Sewer    | Killed Purgy
  4808 | D:6      | Noticed Tiareth's ghost (novice OgWr)
  4827 | D:6      | Noticed Eustachio
  4899 | D:7      | Found a staircase to the Ecumenical Temple.
  4919 | Temple   | Entered the Ecumenical Temple
  5037 | Temple   | Became a worshipper of Ru the Awakened
  5173 | D:7      | Reached XP level 9. HP: 55/58 MP: 12/12
  5195 | D:7      | Reached skill level 8 in Unarmed Combat
  5201 | D:7      | Reached skill level 5 in Dodging
  5437 | D:6      | Reached skill level 5 in Transmutations
  5824 | D:6      | Killed Eustachio
  5824 | D:6      | Reached skill level 9 in Unarmed Combat
  6305 | D:6      | Killed Tiareth's ghost
  6448 | D:6      | Reached skill level 5 in Fighting
  6692 | D:7      | Noticed vatarom's ghost (novice NaTm)
  6728 | D:7      | Killed vatarom's ghost
  6728 | D:7      | Reached XP level 10. HP: 9/66 MP: 6/13
  6735 | D:7      | Learned a level 5 spell: Blade Hands
  6873 | D:7      | Found Wiqef's Armour Emporium.
  6935 | D:7      | Reached skill level 10 in Unarmed Combat
  9269 | D:9      | Noticed an obsidian statue
  9752 | D:10     | Entered Level 10 of the Dungeon
  9818 | D:10     | Found a flagged portal.
  9827 | Bailey   | Entered a bailey
 10040 | Bailey   | Noticed an orc knight
 10047 | Bailey   | Noticed an orc knight
 10052 | Bailey   | Killed an orc knight
 10052 | Bailey   | Reached skill level 11 in Unarmed Combat
 10068 | Bailey   | Killed an orc knight
 10068 | Bailey   | Reached XP level 11. HP: 22/72 MP: 10/14
 10281 | D:10     | HP: 3/72 [wight/spear (2)]
 10618 | D:10     | Found a staircase to the Orcish Mines.
 11045 | D:10     | Gained mutation: You cannot study or use magical devices. [Ru sacrifice]
 11045 | D:10     | Reached * piety under Ru
 11045 | D:10     | Reached ** piety under Ru
 11257 | D:11     | Noticed a wolf spider
 11265 | D:11     | Killed a wolf spider
 11267 | D:11     | Noticed an ogre mage
 11271 | D:11     | Killed from afar by an ogre mage

Skill      XL: |  1  2  3  4  5  6  7  8  9 10 11 |
---------------+----------------------------------+-----
Unarmed Combat | 4 5 7 9 11 | 11.8
Dodging        | 3 4 6 7 8 |  8.0
Transmutations | 3 4 5 6 7 |  7.1
Fighting       | 2 3 5 6 |  6.2
Charms         | 1 2 |  2.4
Translocations | 1 2 |  2.1
Spellcasting   | |  2.0

Action                   |  1- 3 |  4- 6 |  7- 9 | 10-12 || total
-------------------------+-------+-------+-------+-------++-------
Melee: Unarmed           |    56 |    91 |   449 |   301 ||   897
       Constrict         |    19 |    25 |    89 |    47 ||   180
       Kick              |    14 |    21 |    72 |     8 ||   115
       Tentacles         |    13 |    13 |    77 |    50 ||   153
       Punch             |       |     6 |    29 |    25 ||    60
 Cast: Beastly Appendage |    10 |    17 |    30 |     3 ||    60
       Sticks to Snakes  |     1 |    12 |    28 |     3 ||    44
       Shroud of Golubri |       |       |     4 |       ||     4
       Blade Hands       |       |       |       |     7 ||     7
Invok: Reject Sacrifices |       |       |     1 |       ||     1
       Sacrifice Artific |       |       |       |     1 ||     1
 Abil: Evoke Flight      |       |       |       |     2 ||     2
  Use: Scroll            |     2 |     5 |     6 |       ||    13
       Potion            |     1 |     1 |     4 |     2 ||     8
 Stab: Sleeping          |     2 |     7 |     7 |     3 ||    19
       Distracted        |       |     4 |     4 |       ||     8
  Eat: Chunk             |     1 |     6 |     9 |    14 ||    30
       Ration            |       |       |     2 |     3 ||     5
Armor: Skin              |     4 |     4 |    22 |    14 ||    44
Dodge: Dodged            |    28 |    35 |   236 |   368 ||   667
